 Dungeon Crawl Stone Soup version 0.25-a0-458-g6fc7858b95 (webtiles) character file.

Game seed: 11306601096078287510, levelgen mode: deterministic

7 mopl the Digger (level 2, -1/19 HPs)
             Began as a Gnoll Earth Elementalist on Feb 3, 2020.
             Slain by a goblin
             ... wielding a +1 dagger of electrocution
              (19 damage)
             ... on level 1 of the Dungeon.
             The game lasted 00:00:33 (173 turns).

mopl the Digger (Gnoll Earth Elementalist)           Turns: 173, Time: 00:00:33

Health: -1/19      AC:  0    Str: 10    XL:     2   Next: 4%
Magic:  7/7        EV: 14    Int: 17    God:
Gold:   22         SH:  0    Dex: 15    Spells: 9/10 levels left

rFire    . . .     SeeInvis .   j - +0 spear
rCold    . . .     Gourm    .   (no shield)
rNeg     . . .     Faith    .   c - +0 robe
rPois    .         Spirit   .   (no helmet)
rElec    .         Reflect  .   (no cloak)
rCorr    .         Harm     .   (no gloves)
MR       .....                  (no boots)
Stlth    +++.......             (no amulet)
HPRegen  0.06/turn              f - -3 ring of protection (curse)
MPRegen  0.10/turn              (no ring)

@: no status effects
A: distributed training, fangs 1, strong nose
a: no special abilities


You were on level 1 of the Dungeon.
You were not hungry.

You visited 1 branch of the dungeon, and saw 1 of its levels.

You collected 22 gold pieces.

Inventory:

Hand Weapons
 j - a +0 spear (weapon)
Missiles
 b - 77 stones
 g - 5 poisoned darts (quivered)
 h - a throwing net
Armour
 c - a +0 robe (worn)
Jewellery
 f - a cursed -3 ring of protection (left hand)
Scrolls
 a - a scroll of teleportation {unknown}
Potions
 e - a potion of curing {unknown}
 i - a potion of magic {unknown}
Comestibles
 d - a ration


   Skills:
 + Level 0.2 Fighting
 + Level 0.2 Short Blades
 + Level 0.2 Long Blades
 + Level 0.2 Axes
 + Level 0.2 Maces & Flails
 + Level 0.2 Polearms
 + Level 0.2 Staves
 + Level 0.2 Slings
 + Level 0.2 Bows
 + Level 0.2 Crossbows
 + Level 0.2 Throwing
 + Level 0.2 Armour
 + Level 4.4 Dodging
 + Level 4.0 Stealth
 + Level 0.2 Shields
 + Level 0.2 Unarmed Combat
 + Level 4.9 Spellcasting
 + Level 0.1 Conjurations
 + Level 0.1 Hexes
 + Level 0.1 Charms
 + Level 0.1 Summonings
 + Level 0.1 Necromancy
 + Level 0.1 Translocations
 + Level 2.0 Transmutations
 + Level 0.1 Fire Magic
 + Level 0.1 Ice Magic
 + Level 0.1 Air Magic
 + Level 5.3 Earth Magic
 + Level 0.1 Poison Magic
 + Level 0.3 Invocations
 + Level 0.2 Evocations


You had 9 spell levels left.
You knew the following spells:

 Your Spells              Type           Power        Failure   Level  Hunger
a - Sandblast             Erth           ###...       1%          1    None

Your spell library contained the following spells:

 Spells                   Type           Power        Failure   Level  Hunger
 Passwall                 Tmut/Erth      ###.....     4%          2    #......
 Stone Arrow              Conj/Erth      ##....       14%         3    ###....
 Petrify                  Tmut/Erth      ###.....     32%         4    ####...
 Lee's Rapid Deconstruct  Erth           ###.......   41%         5    ######.


Dungeon Overview and Level Annotations

Branches:
Dungeon (1/15)

Altars:


Innate Abilities, Weirdness & Mutations

Your experience applies equally to all skills.
You have very sharp teeth.
Your uncanny sense of smell can sniff out nearby items.


Message History

You see here a spear.
A leopard gecko comes into view.
Found a stone staircase leading down.
A goblin comes into view.
It is wielding a +1 dagger of electrocution.
The leopard gecko hisses angrily.
Attack whom?
Press: ? - help, Dir - move target cursor, f - leopard gecko
Aim: a leopard gecko You reach to attack!
You hit the leopard gecko.
The leopard gecko is heavily wounded.
You hit the leopard gecko.
You kill the leopard gecko!
You have reached level 2!
Found 14 stones.
The goblin shouts!
You hit the goblin but do no damage.
The goblin hits you with a +1 dagger of electrocution.
You are electrocuted!!
Ouch! That really hurt!
You die...

##### ######...#####
#............#
#........###.#
#..8.8..####.#########
#...>@..##............
#..8g8.....#####.#####
#.......#### #.#
#.......# #.#
####.##.# #.# #. #(#
... #. #.# ∆ ..# #. ..
..#


You could see a goblin.

Vanquished Creatures
  A dart slug (D:1)
  A leopard gecko (D:1)
  A hobgoblin (D:1)
  A frilled lizard (D:1)
  A rat (D:1)
5 creatures vanquished.

Notes
Turn   | Place    | Note
-------+----------+-------------------------------------------
     0 | D:1      | mopl the Gnoll Earth Elementalist began the quest for the
                  | Orb.
     0 | D:1      | Reached XP level 1. HP: 13/13 MP: 6/6
   130 | D:1      | Reached skill level 2 in Transmutations
   168 | D:1      | Reached XP level 2. HP: 19/19 MP: 7/7
   173 | D:1      | Slain by a goblin

Levels and vault maps discovered:
D:1:      beargit_arrival_greenhouse, layout_loops_ring, st_stairs_14,
          kennysheep_nondescript, bh_walls_and_bars

Skill      XL: |  1 |
---------------+----+-----
Transmutations | 2 |  2.0
Fighting       | |  0.2
Short Blades   | |  0.2
Long Blades    | |  0.2
Axes           | |  0.2
Maces & Flails | |  0.2
Polearms       | |  0.2
Staves         | |  0.2
Slings         | |  0.2
Bows           | |  0.2
Crossbows      | |  0.2
Throwing       | |  0.2
Armour         | |  0.2
Dodging        | |  4.4
Stealth        | |  4.0
Shields        | |  0.2
Unarmed Combat | |  0.2
Spellcasting   | |  4.9
Conjurations   | |  0.1
Hexes          | |  0.1
Charms         | |  0.1
Summonings     | |  0.1
Necromancy     | |  0.1
Translocations | |  0.1
Fire Magic     | |  0.1
Ice Magic      | |  0.1
Air Magic      | |  0.1
Earth Magic    | |  5.3
Poison Magic   | |  0.1
Invocations    | |  0.3
Evocations     | |  0.2

Action                   || total
-------------------------++-------
Melee: Unarmed           ||    12
       Spear             ||     3
       Bite              ||     2
 Cast: Sandblast         ||     1
 Stab: Sleeping          ||     2
Dodge: Dodged            ||     7

Table legend:
 A = Non-vault XP
 B = Vault XP
 C = Vault XP percentage of total XP
 D = Non-vault monster count
 E = Vault monster count
 F = Vault count percentage of total count
                 A         B        C        D         E       F
            +---------+---------+-------+---------+---------+-------
      Total |       8 |       3 |  27.3 |       4 |       1 |  20.0
            +---------+---------+-------+---------+---------+-------
        D:1 |       8 |       3 |  27.3 |       4 |       1 |  20.0
            +---------+---------+-------+---------+---------+-------
